 Dungeon Crawl Stone Soup version 0.27-a0-1302-g7736ffe575 (webtiles) character file.

Game seed: 10067688605404659550

437 Froggeryz the Chopper (level 6, -4/50 HPs)
             Began as a Palentonga Abyssal Knight on June 18, 2021.
             Was a Believer of Lugonu.
             Slain by an ogre (31 damage)
             ... on level 4 of the Dungeon.
             The game lasted 00:03:59 (5441 turns).

Froggeryz the Chopper (Palentonga Abyssal Knight)   Turns: 5441, Time: 00:04:00

Health: -4/50      AC:  7    Str: 17    XL:     6   Next: 69%
Magic:  7/7        EV:  7    Int: 12    God:    Lugonu [**....]
Gold:   216        SH:  0    Dex: 10    Spells: 5/5 levels left

rFire    . . .     SeeInvis +   a - +1 hand axe
rCold    . . .     Faith    .   (no shield)
rNeg     . . .     Spirit   .   k - +0 scale mail
rPois    .         Reflect  .   (no helmet)
rElec    .         Harm     .   o - +0 cloak
rCorr    +         Rampage  .   (no gloves)
Will     .....                  (no barding)
Stlth    ..........             (no amulet)
HPRegen  0.16/turn              f - ring of resist corrosion
MPRegen  0.10/turn              (no ring)

@: no status effects
A: large, rugged brown scales 3, see invisible, deformed body, roll 1, armoured
tail
a: Rolling Charge, Renounce Religion, Depart the Abyss, Bend Space


You were on level 4 of the Dungeon.
You worshipped Lugonu.
Lugonu was pleased with you.
You visited 1 branch of the dungeon, and saw 4 of its levels.
You visited the Abyss 1 time.

You collected 216 gold pieces.

Inventory:

Hand Weapons
 a - a +1 hand axe (weapon)
Armour
 k - a +0 scale mail (worn)
 o - a +0 cloak (worn)
Jewellery
 f - a ring of resist corrosion (left hand)
Scrolls
 c - a scroll of enchant weapon {unknown}
 e - 4 scrolls of vulnerability {unknown}
 h - 2 scrolls of enchant armour {unknown}
 i - a scroll of teleportation {unknown}
 l - 2 scrolls of fear {unknown}
Potions
 g - 3 potions of curing {unknown}
 j - a potion of heal wounds {unknown}
 m - a potion of magic {unknown}
 n - a potion of brilliance {unknown}


   Skills:
 - Level 3.0 Fighting
 * Level 6.0 Axes
 + Level 1.3 Throwing
 - Level 3.0 Armour
 - Level 0.7 Dodging
 - Level 2.0 Invocations


You had 5 spell levels left.
You didn't know any spells.
Your spell library was empty.

Dungeon Overview and Level Annotations

Branches:
Dungeon (4/15)
 Temple: D:4-7

Altars:
Xom
The Shining One

Annotations:
D:4 Pikel


Innate Abilities, Weirdness & Mutations

You are completely covered in rugged brown scales. (AC +3, +7% HP)
You have supernaturally acute eyesight. (SInv)
Armour fits poorly on your strangely shaped body.
You can roll at nearby foes to attack.
You have a long armoured tail.


Message History

You throw a poisoned dart. The poisoned dart hits Blork the orc.
Blork the orc looks even sicker.
Blork the orc is severely wounded.
Unknown command.
Blork the orc hits you with a +0 hand axe!
You climb upwards.
There is a stone staircase leading down, spattered with blood here.
You hit Blork the orc.
Blork the orc is almost dead.
Blork the orc hits you with a +0 hand axe.
You barely miss Blork the orc. You tail-slap Blork the orc.
Blork the orc is almost dead.
Blork the orc barely misses you.
You hit Blork the orc.
You kill Blork the orc!
Lugonu accepts your kill.
Your Axes skill increases to level 6!
Things that are here:
a +0 hand axe; a +0 robe You start resting.
HP restored.
There is a stone staircase leading down, spattered with blood here.
You climb downwards.
Level annotation: Pikel The ogre hits you with a +0 giant club!!
There is a stone staircase leading up, spattered with blood here.
It was a potion of ambrosia.
You are confused.
You feel invigorated. The ogre hits you but does no damage.
The ogre hits you with a +0 giant club.
You feel less invigorated.
You feel less confused.
You hit the ogre.
The ogre is lightly wounded.
The ogre hits you with a +0 giant club!
You slash the ogre!
The ogre is heavily wounded.
The ogre hits you with a +0 giant club!!
Ouch! That really hurt!
You die...

#.....#....###.............#
......#....# #####'##+###'##
#.....#.##########.##.....#
#..................#########
..##.#.....O.((............#
..##.#.#....>#.............#
..#....((.o..#.............#
#.#..#(#(....#..O<.........#
#.#..#.#.....#..@..........#
.o...#.#.....#.............#
###..o.#.....#.............#
# ######.....#.............#
# #....(#.............#
#.....#.............#
#.....#.............#
#.....#.............#
#.....#.............#


You could see an ogre.

Vanquished Creatures
  Eustachio (D:4)
  2 lemures (D:3)
  Blork the orc (D:3)
  A bullfrog skeleton (D:4)
  A centaur skeleton (D:3)
  An orc priest (D:3)
  2 orc wizards
  A howler monkey skeleton (D:4)
  2 dart slugs
  11 orcs
  3 ball pythons
  3 endoplasms
  4 giant cockroaches
  4 goblins
  7 hobgoblins
  6 jackals
  4 kobolds
  A quokka (D:1)
  3 bats
  3 frilled lizards
  7 rats
68 creatures vanquished.

Notes
Turn   | Place    | Note
-------+----------+-------------------------------------------
     0 | Abyss:1  | Froggeryz the Palentonga Abyssal Knight began the quest for
                  | the Orb.
     0 | Abyss:1  | Reached XP level 1. HP: 19/19 MP: 2/2
    34 | Abyss:1  | Noticed a wretched star
    35 | D:1      | Escaped the Abyss
   344 | D:1      | Reached XP level 2. HP: 25/25 MP: 3/3
   368 | D:1      | Reached * piety under Lugonu
  1252 | D:2      | Reached skill level 3 in Axes
  1475 | D:2      | Found a shimmering altar of Xom.
  1638 | D:2      | Reached XP level 3. HP: 29/31 MP: 4/4
  2313 | D:3      | Found a glowing golden altar of the Shining One.
  3042 | D:3      | Reached XP level 4. HP: 32/37 MP: 5/5
  3464 | D:2      | Reached skill level 4 in Axes
  3759 | D:3      | Reached XP level 5. HP: 43/43 MP: 6/6
  4106 | D:4      | Reached ** piety under Lugonu
  4282 | D:4      | Reached skill level 5 in Axes
  4313 | D:4      | Noticed a lemure
  4315 | D:4      | Noticed Pikel
  4316 | D:4      | Noticed a lemure
  4316 | D:4      | Noticed a lemure
  4316 | D:4      | Noticed a lemure
  4446 | D:3      | Killed a lemure
  4806 | D:3      | Killed a lemure
  5084 | D:4      | Noticed Eustachio
  5087 | D:4      | Noticed an ogre
  5122 | D:4      | Killed Eustachio
  5123 | D:4      | Reached skill level 1 in Throwing
  5123 | D:4      | Reached XP level 6. HP: 27/50 MP: 7/7
  5292 | D:4      | Noticed Blork the orc
  5338 | D:3      | Killed Blork the orc
  5339 | D:3      | Reached skill level 6 in Axes
  5441 | D:4      | Slain by an ogre

Illustrated notes

Levels and vault maps discovered:
D:1:      pf_arrival_petrified_forest, layout_loops_corners, skrybe_limestone_x,
          st_stairs_1, grunt_decor_clamped, minivault_4
D:2:      layout_loops_ring, basic_altar
D:3:      layout_basic, lemuel_coloured_pillars_altar, columned_hall_lemuel,
          chequers_serial_rivers_micro_b
D:4:      layout_basic, corexii_item_surrounded_by_moat, uniq_pikel,
          uniq_blork_the_orc, uniq_eustachio

Skill      XL: |  1  2  3  4  5  6 |
---------------+-------------------+-----
Armour         | 2 3 |  3.0
Axes           | 3 4 5 6 |  6.0
Throwing       | 1 |  1.3
Fighting       | |  3.0
Dodging        | |  0.7
Invocations    | |  2.0

Action                   |  1- 3 |  4- 6 || total
-------------------------+-------+-------++-------
Melee: Hand axe          |   151 |    94 ||   245
       Tailslap          |    11 |    11 ||    22
Throw: Dart              |       |    35 ||    35
Invok: Depart the Abyss  |     1 |       ||     1
 Abil: Rolling Charge    |       |     2 ||     2
  Use: Potion            |       |     1 ||     1
Armor: Leather armour    |    50 |       ||    50
       Scale mail        |    13 |    33 ||    46
Dodge: Dodged            |    79 |    30 ||   109

Table legend: (Time is in decaauts)
 A = Elapsed time spent in this place.
 B = Non-inter-level travel time spent in this place.
 C = Inter-level travel time spent in this place.
 D = Time resting spent in this place.
 E = Time spent auto-exploring this place.
 F = Levels seen in this place.
 G = Mean time per level.
                   A        B        C        D        E       F      G
               +--------+--------+--------+--------+--------+-----+--------+
         Total |   5475 |   5290 |    185 |   1197 |   3355 |   5 | 1095.0 |
       Dungeon |   5440 |   5255 |    185 |   1197 |   3322 |   4 | 1360.0 |
         Abyss |     35 |     35 |      0 |      0 |     33 |   1 |   35.0 |
               +--------+--------+--------+--------+--------+-----+--------+

Top non-repeatable levels by time:
     D:3: 2081 daAuts
     D:2: 1693 daAuts
     D:1: 1039 daAuts
     D:4: 626 daAuts
 Abyss:1: 35 daAuts
